 Dungeon Crawl Stone Soup version 0.26.1-11-gd32895ea62 (webtiles) character file.

Game seed: 15776228665168665107

3341 Tocho the Destroyer (level 9, -2/69 HPs)
             Began as a Demigod Conjurer on July 7, 2021.
             Shot with an arrow by a centaur (14 damage)
             ... on level 8 of the Dungeon.
             The game lasted 00:25:30 (8600 turns).

Tocho the Destroyer (Demigod Conjurer)              Turns: 8600, Time: 00:25:31

Health: -2/69      AC:  5    Str: 10    XL:     9   Next: 44%
Magic:  14/21      EV: 14    Int: 32    God:
Gold:   391        SH:  0    Dex: 14    Spells: 5/19 levels left

rFire    . . .     SeeInvis +   h - +5 dagger
rCold    . . .     Faith    .   (no shield)
rNeg     . . .     Spirit   .   a - +1 robe
rPois    +         Reflect  .   p - +0 helmet
rElec    .         Harm     .   z - +0 cloak
rCorr    .         Rampage  .   (no gloves)
Will     .....                  (no boots)
Stlth    +++.......             c - amulet of regeneration
HPRegen  0.61/turn              g - ring of poison resistance
MPRegen  0.17/turn              C - ring of see invisible

@: no status effects
A: clever 2, high mp 1
a: no special abilities


You were on level 8 of the Dungeon.
You visited 1 branch of the dungeon, and saw 8 of its levels.

You collected 391 gold pieces.

Inventory:

Hand Weapons
 h - a +5 dagger (weapon)
 i - a +3 short sword of freezing
 j - a cursed +3 great sword
 l - a +0 short sword
 r - a +2 dagger of freezing
 A - a +3 falchion of holy wrath
Missiles
 d - 49 poisoned darts
 w - a throwing net
Armour
 a - a +1 robe (worn)
 f - a +0 leather armour
 p - a +0 helmet (worn)
 z - a +0 cloak (worn)
Jewellery
 c - an amulet of regeneration (around neck)
 e - an uncursed amulet of guardian spirit
 g - a ring of poison resistance (left hand)
 t - an uncursed ring of willpower
 C - a ring of see invisible (right hand)
Wands
 o - a wand of polymorph (1)
 q - a wand of digging (3)
 F - a wand of acid (9)
 I - a wand of enslavement (5)
Scrolls
 b - 3 scrolls of teleportation {unknown}
 k - 2 scrolls of amnesia {unknown}
 n - 3 scrolls of magic mapping {unknown}
 s - 3 scrolls of remove curse {unknown}
 u - 2 scrolls of enchant armour
 x - 2 scrolls of identify
 y - 3 scrolls of fear
 E - a scroll of fog {unknown}
Potions
 m - 2 potions of flight
 B - 3 potions of curing
 G - 2 potions of lignification {unknown}
 H - a potion of haste {unknown}


   Skills:
 + Level 3.1 Fighting
 + Level 3.4(3.5) Short Blades
 - Level 0.2(2.1) Long Blades
 + Level 2.0 Armour
 + Level 4.7 Dodging
 + Level 4.6 Stealth
 + Level 1.6 Unarmed Combat
 * Level 5.9 Spellcasting
 * Level 8.0 Conjurations


You had 5 spell levels left.
You knew the following spells:

 Your Spells              Type           Power        Failure   Level
a - Magic Dart            Conj           100%         1%          1
b - Searing Ray           Conj           100%         1%          2
c - Dazzling Flash        Conj/Hex       70%          2%          3
d - Fulminant Prism       Conj/Hex       17%          9%          4
e - Iskenderun's Mystic   Conj/Tloc      35%          9%          4

Your spell library contained the following spells:

 Spells                   Type           Power        Failure   Level


Dungeon Overview and Level Annotations

Branches:
Dungeon (8/15)             Temple (0/1) D:6
   Lair: D:8-11

Shops:
D:5 (


Innate Abilities, Weirdness & Mutations

You have an increased reservoir of magic. (+10% MP)
Your mind is very acute. (Int +4)


Message History

The centaur shoots an arrow.
The arrow hits you.
You see here 3 arrows.
The centaur closely misses you.
The orc priest miscasts a cantrip.
There is an open door here.
You feel yourself speed up.
The centaur hits you with a cursed -1 shortbow.
* * * LOW HITPOINT WARNING * * *
The centaur hits you with a cursed -1 shortbow.
* * * LOW HITPOINT WARNING * * *
The iguana hisses angrily.
The centaur shoots an arrow.
The arrow hits you.
* * * LOW HITPOINT WARNING * * *
The centaur closely misses you.
The centaur shoots an arrow.
The arrow closely misses you.
The centaur hits you with a cursed -1 shortbow.
* * * LOW HITPOINT WARNING * * *
There is a stone staircase leading down here.
The centaur shoots an arrow.
The arrow hits you!
You die...

######## #......#
#......# .. +..(...# ..
#......# ..
#......###### .####
#......#....#######....
#.....@#..........#....
#....c.#......(...#....
#..รท.)c#......o...#)...
#.....o))..l......().o.
#......#..((..o...#....
#......#'###(##.###l...
#####......#'##.#......
#......#....#......
#......#....#......


You could see 2 centaurs and an orc priest.

Vanquished Creatures
  Grinder (D:6)
  Sigmund (D:6)
  A human (D:2)
  2 sky beasts
  A phantom (D:2)
  A black bear (D:5)
  4 ogres
  3 centaurs
  A bullfrog (D:7)
  4 scorpions
  4 howler monkeys
  7 wights
  A centaur zombie (D:7)
  A quasit (D:8)
  6 hounds
  2 gnoll shamans
  6 orc priests
  A bullfrog skeleton (D:5)
  2 jellies
  5 orc wizards
  2 iguanas
  3 worker ants
  5 adders
  21 gnolls
  A shadow imp (D:8)
  2 ufetubi (D:5)
  2 oozes
  3 adder skeletons
  A worm (D:3)
  6 leopard geckos
  26 orcs
  8 giant cockroaches
  5 hobgoblins
  5 jackals
  3 quokkas
  10 bats
  2 frilled lizards (D:2)
  A giant cockroach zombie (D:5)
  7 goblins
  A jackal skeleton (D:6)
  7 kobolds
  12 rats
187 creatures vanquished.

Vanquished Creatures (others)
  5 fulminant prisms
  4 plants (D:1)
9 creatures vanquished.

Grand Total: 196 creatures vanquished

Notes
Turn   | Place    | Note
-------+----------+-------------------------------------------
     0 | D:1      | Tocho the Demigod Conjurer began the quest for the Orb.
     0 | D:1      | Reached XP level 1. HP: 14/14 MP: 5/5
   269 | D:1      | Reached skill level 4 in Conjurations
   419 | D:1      | Reached XP level 2. HP: 20/20 MP: 5/7
   575 | D:1      | Learned a level 2 spell: Searing Ray
  1524 | D:2      | Reached XP level 3. HP: 26/26 MP: 5/8
  1762 | D:2      | Noticed a phantom
  1866 | D:2      | Killed a phantom
  1867 | D:2      | Reached skill level 5 in Conjurations
  1867 | D:2      | Reached XP level 4. HP: 11/34 MP: 2/10
  2222 | D:2      | Learned a level 3 spell: Dazzling Flash
  2496 | D:2      | Found a runed translucent door.
  2496 | D:2      | Noticed a human
  2498 | D:2      | Found a basalt altar of Yredelemnul.
  2515 | D:2      | Killed a human
  2516 | D:2      | Reached skill level 1 in Unarmed Combat
  2516 | D:2      | Reached XP level 5. HP: 25/39 MP: 2/11
  3100 | D:3      | Reached skill level 1 in Fighting
  3100 | D:3      | Reached XP level 6. HP: 47/47 MP: 6/13
  3445 | D:3      | Found a bloodstained altar of Trog.
  3483 | D:3      | Found a broken altar of Ashenzari.
  4253 | D:4      | Reached skill level 1 in Short Blades
  4253 | D:4      | Reached XP level 7. HP: 52/52 MP: 6/15
  4454 | D:4      | Reached skill level 6 in Conjurations
  4750 | D:5      | Entered Level 5 of the Dungeon
  4934 | D:5      | Learned a level 4 spell: Fulminant Prism
  5165 | D:5      | Reached skill level 1 in Armour
  5165 | D:5      | Reached XP level 8. HP: 51/62 MP: 11/17
  5214 | D:5      | Found Oromp's Weapon Shoppe.
  6123 | D:6      | Noticed Sigmund
  6135 | D:6      | Killed Sigmund
  6264 | D:6      | Reached skill level 7 in Conjurations
  6511 | D:6      | Gained mutation: Your mind is acute. (Int +2) [potion of
                  | mutation]
  6511 | D:6      | Gained mutation: Your mind is very acute. (Int +4) [potion
                  | of mutation]
  6609 | D:6      | Noticed Grinder
  6611 | D:6      | Paralysed by Grinder for 6 turns
  6632 | D:6      | Paralysed by Grinder for 4 turns
  6636 | D:6      | Killed Grinder
  6963 | D:6      | Reached skill level 5 in Spellcasting
  6963 | D:6      | Reached XP level 9. HP: 59/68 MP: 14/20
  7141 | D:6      | Found a staircase to the Ecumenical Temple.
  7344 | D:7      | Found a burning altar of Makhleb.
  7454 | D:7      | Learned a level 4 spell: Iskenderun's Mystic Blast
  8040 | D:7      | Found a hazy altar of Hepliaklqana.
  8398 | D:8      | Reached skill level 8 in Conjurations
  8600 | D:8      | Shot with an arrow by a centaur

Illustrated notes

Levels and vault maps discovered:
D:1:      giann_horns, layout_loops_corners, serial_bayou,
          serial_bayou_lagoon_a, serial_bayou_lake_a, serial_bayou_shore_a,
          serial_bayou_shore_b, minmay_pentomino_t4
D:2:      layout_basic, dk_yredelemnul_ordeal
D:3:      layout_loops_cross, cheibrodos_ashenzari_chains,
          trog_three_pillars_becter
D:4:      layout_basic
D:5:      layout_basic, serial_shops, shop
D:6:      layout_loops_cross, minmay_temple_entry_butterflies, nrook_uturn,
          uniq_sigmund, uniq_grinder
D:7:      layout_loops_ring, nzn_hepliaklqana_mist_gate, basic_altar
D:8:      layout_gridville, zin_statuary, kennysheep_mini,
          nicolae_overflow_crystal_walls, minmay_increasing_density

Skill      XL: |  1  2  3  4  5  6  7  8  9 |
---------------+----------------------------+-----
Conjurations   | 4 5 6 7 8 |  8.0
Dodging        | 2 3 4 |  4.7
Spellcasting   | 2 3 5 |  5.9
Stealth        | 2 3 4 |  4.6
Unarmed Combat | 1 |  1.6
Fighting       | 1 2 3 |  3.1
Short Blades   | 1 2 3 |  3.4
Armour         | 1 2 |  2.0
Long Blades    | |  0.2

Action                   |  1- 3 |  4- 6 |  7- 9 || total
-------------------------+-------+-------+-------++-------
Melee: Unarmed           |    60 |    19 |       ||    79
       Short sword       |       |    32 |       ||    32
       Dagger            |       |    21 |    72 ||    93
       Punch             |       |       |     1 ||     1
 Cast: Magic Dart        |    29 |       |     2 ||    31
       Searing Ray       |    22 |    30 |    57 ||   109
       Fulminant Prism   |       |       |     5 ||     5
       Iskenderun's Myst |       |       |     1 ||     1
  Use: Scroll            |       |       |    13 ||    13
       Potion            |       |       |     3 ||     3
 Stab: Sleeping          |       |     3 |     3 ||     6
Armor: Robe              |    14 |     3 |    23 ||    40
       Leather armour    |       |     4 |     8 ||    12
Dodge: Dodged            |    53 |    60 |   117 ||   230
